Cogmind - Beta 12 @@@ ROGUE MODE // 2023.11.28 @ 22:34:05 Player: veb_robotron Result: Destroyed by Y-45 Defender with Beam Rifle Performance ------------- Evolutions (2) 1000 Regions Visited (5) 1000 Robots Destroyed (31) 155 Value Destroyed (780) 780 Prototype IDs (3) 60 Alien Tech Used (0) 0 Bonus (11) 11 TOTAL SCORE: 3006 Bonus ------- High Alert Combat Kills 11 Cogmind --------- Core Integrity 0/550 Matter 130/300 Energy 88/100 System Corruption 4% Temperature Cool (9) Movement Core (50) Location -8/Materials Parts ------- > --- POWER (1) -------- (None) > --- PROPULSION (4) --- Light Treads > --- UTILITY (4) ------ Advanced Weight Redist. System Visual Processing Unit > --- WEAPON (2) ------- (None) > --- INVENTORY (5) ---- Improved Datajack Peak State ------------ > --- POWER ------------ Deuterium Engine > --- PROPULSION ------- Flight Unit Flight Unit Flight Unit Improved Flight Unit > --- UTILITY ---------- Heat Sink Weight Redist. System Visual Processing Unit Insulated Plating > --- WEAPON ----------- Improved Medium Laser Improved Medium Laser > --- INVENTORY -------- Deuterium Engine Flight Unit Improved Medium Laser Rocket Launcher Improved Datajack [Rating: 24] Favorites ----------- Power Light Ion Engine Engine Light Ion Engine Propulsion Flight Unit Treads Light Treads Leg Aluminum Leg Flight Unit Flight Unit Utility Visual Processing Unit Device Heat Sink Storage Small Storage Unit Processor Visual Processing Unit Protection Insulated Plating Weapon Spread Laser Energy Gun Spread Laser Ballistic Gun Assault Rifle Launcher Rocket Launcher Build | -11 -10 -10 -9 -9 -8 ------- Run | Jun Mat Min Mat Min Mat Slots Evolved 4 | . . . 2 . 2 Power . | . . . . . . Propulsion 2 | . . . 1 . 1 Utility 2 | . . . 1 . 1 Weapon . | . . . . . . Parts Attached 53 | 6 6 3 18 3 17 Power 8 | 1 . 1 3 . 3 Engine 8 | 1 . 1 3 . 3 Core . | . . . . . . Reactor . | . . . . . . Propulsion 16 | 2 . . 10 . 4 Treads 2 | . . . . . 2 Leg 6 | 2 . . 4 . . Wheel . | . . . . . . Hover . | . . . . . . Flight 8 | . . . 6 . 2 Utility 10 | 1 3 . 3 1 2 Device 4 | . . . 2 1 1 Storage 4 | 1 3 . . . . Processor 1 | . . . 1 . . Hackware . | . . . . . . Protection 1 | . . . . . 1 Artifact . | . . . . . . Weapon 19 | 2 3 2 2 2 8 Energy Gun 12 | 1 2 2 2 . 5 Energy Cannon . | . . . . . . Ballistic Gun 4 | 1 1 . . . 2 Ballistic Cannon . | . . . . . . Launcher 3 | . . . . 2 1 Special Weapon . | . . . . . . Impact Weapon . | . . . . . . Slashing Weapon . | . . . . . . Piercing Weapon . | . . . . . . Special Melee Weapon . | . . . . . . Unidentified Prototypes 3 | . 1 . 1 . 1 Corrupted Parts 3 | . . . 3 . . System Corruption 13 | . . . 13 . . Parts Lost 26 | . . 3 9 . 14 Power 4 | . . 1 1 . 2 Propulsion 11 | . . . 5 . 6 Utility 3 | . . . 1 . 2 Weapon 8 | . . 2 2 . 4 Highest Loss Streak 14 | . . 3 4 . 14 To Critical Strikes . | . . . . . . Average Slot Usage (%) 91 | . 96 93 93 100 81 Engine 10 | . 14 14 8 11 8 Leg 12 | . 28 28 15 . . Flight 17 | . . . 14 33 29 Device 9 | . . . 9 22 12 Storage 11 | . 26 28 12 . . Processor 7 | . . . 11 11 9 Protection 1 | . . . . . 3 Energy Gun 15 | . 18 22 21 5 10 Ballistic Gun 2 | . 8 . . . 1 Launcher 3 | . . . . 16 4 Naked Turns . | . . . . . . Heaviest Build 19 | 12 18 17 17 11 19 Greatest Support 30 | 20 20 20 30 18 23 Greatest Overweight (x) 1 | 1 . . 1 . 1 Average Overweight (x) . | . . . . . . Largest Inventory Capacity 8 | 8 8 8 8 5 5 Average Capacity 6 | 7 8 8 6 5 5 Most Carried 8 | 6 8 8 8 5 5 Average Carried 5 | 3 7 7 5 4 4 Final Capacity 8 | 8 8 8 5 5 5 Final Carried 8 | 6 8 6 5 5 1 Class Distribution -------------------- 57% | Mutant 32% | Scavenger-Mutant 9% | Scavenger-Sprinter Dominant Class ---------------- Mutant | -10/Materials Mutant | -10/Mines Mutant | -9/Materials Scavenger-Mutant | -9/Mines Mutant | -8/Materials Resources | -11 -10 -10 -9 -9 -8 ----------- Run | Jun Mat Min Mat Min Mat Matter Collected 641 | 216 46 35 213 16 115 Remotely . | . . . . . . Salvage Created 1038 | . 46 110 399 . 483 Parts 58 | . 2 3 28 . 25 Haulers Intercepted 4 | . 1 . 2 . 1 Recyclers Shooed . | . . . . . . Parts Field Recycled . | . . . . . . Retrieved Matter . | . . . . . . Parts Self-Destructed . | . . . . . . Prevented . | . . . . . . Kills | -11 -10 -10 -9 -9 -8 ------- Run | Jun Mat Min Mat Min Mat Combat Hostiles Destroyed 24 | . . 2 12 . 10 Guns 23 | . . 2 12 . 9 AOE 1 | . . . . . 1 Classes Destroyed 8 | . 1 1 3 . 3 Worker 1 | . . . 1 . . Tunneler 1 | . . . . . 1 Hauler 4 | . 1 . 2 . 1 Operator 1 | . . . . . 1 Swarmer 10 | . . . 8 . 2 Grunt 10 | . . 2 2 . 6 Brawler 1 | . . . . . 1 Sentry 3 | . . . 2 . 1 Best Kill Streak 4 | . 1 1 4 . 4 Combat Bots Only 4 | . . 1 4 . 4 Max Kills in Single Turn 2 | . 1 1 2 . 1 Gunslinging 1 | . . . 1 . . Exploded 1 | . . . . . 1 Melee . | . . . . . . Uniques/NPCs Destroyed . | . . . . . . Combat | -11 -10 -10 -9 -9 -8 -------- Run | Jun Mat Min Mat Min Mat Damage Taken 2711 | . . 543 509 . 1659 Core 761 | . . 134 65 . 562 Absorbed by Shields . | . . . . . . Core Remaining (%) 76 | 100 . 46 . 83 . Volleys Fired 93 | . 7 6 25 . 55 Largest 2 | . 1 2 2 . 2 Hottest 112 | . 20 110 110 . 112 Shots Fired 146 | . 7 9 51 . 79 Gun 141 | . 7 9 51 . 74 Cannon . | . . . . . . Launcher 5 | . . . . . 5 Special . | . . . . . . Kinetic 31 | . 7 . . . 24 Thermal 73 | . . 1 26 . 46 Explosive 5 | . . . . . 5 Electromagnetic 37 | . . 8 25 . 4 Robot Hit Streak 13 | . 2 7 13 . 13 Robot Miss Streak 9 | . 1 2 7 . 9 Penetration Max . | . . . . . . Secondary Targets 4 | . . . 4 . . Max Gunslinging Chain 1 | . . . 1 . . Shots Hit Robots 102 | . 5 8 42 . 47 Core Hits 79 | . 2 5 44 . 28 Critical Kills . | . . . . . . Critical Parts Destroyed . | . . . . . . Critical Strikes 2 | . . . . . 2 Burn 2 | . . . . . 2 Melee Attacks . | . . . . . . Impact . | . . . . . . Slashing . | . . . . . . Piercing . | . . . . . . Sneak Attacks . | . . . . . . Combat Hostiles . | . . . . . . Follow-up Attacks . | . . . . . . Damage Inflicted 1819 | . 76 137 615 . 991 Guns 1550 | . 76 137 582 . 755 Cannons . | . . . . . . Explosions 269 | . . . 33 . 236 Melee . | . . . . . . Ramming . | . . . . . . Kinetic 304 | . 76 . . . 228 Thermal 877 | . . . 363 . 514 Explosive 202 | . . . . . 202 Electromagnetic 436 | . . 137 252 . 47 Impact . | . . . . . . Slashing . | . . . . . . Piercing . | . . . . . . Highest Corruption 23 | . . . 23 23 4 Average Corruption 14 | . . . 13 23 4 Corruption Purged . | . . . . . . Corruption Blocked . | . . . . . . Effects 25 | . . . 18 5 2 Message Errors 1 | . . . . 1 . Matter Fused 9 | . . . 8 . 1 Heat Flow Errors 3 | . . . 1 2 . Energy Discharges 1 | . . . 1 . . Parts Fused 1 | . . . . 1 . Data Loss (minor) 4 | . . . 2 1 1 Misfires 2 | . . . 2 . . Misdirections 4 | . . . 4 . . Overload Shots . | . . . . . . Overflow Damage 14 | . . . 14 . . Projectiles . | . . . . . . Explosions 14 | . . . 14 . . Melee . | . . . . . . Knockbacks . | . . . . . . Impact . | . . . . . . Kinetic . | . . . . . . Secondary . | . . . . . . Self-Inflicted Damage 153 | . . . 46 . 107 Shots 4 | . . . 1 . 3 Rammed . | . . . . . . Targets Rammed . | . . . . . . Kicked . | . . . . . . Crushed . | . . . . . . Highest Temperature 501 | . . 76 207 261 501 Average Temperature 143 | . . 34 62 120 219 Received Heat Transfer 984 | . . 48 90 . 846 Effects 12 | . . . . 3 9 Shutdowns 2 | . . . . . 2 Energy Bleed 2 | . . . . . 2 Interference 5 | . . . . 3 2 Matter Decay 1 | . . . . . 1 Short Circuit 2 | . . . . . 2 Siege Activations . | . . . . . . Robots Corrupted . | . . . . . . Combat Hostiles . | . . . . . . Parts Fried . | . . . . . . Impact Corruptions . | . . . . . . Robots Melted . | . . . . . . Combat Hostiles . | . . . . . . Parts Melted 2 | . . . 1 . 1 Heat Transferred 1653 | . . . 465 . 1188 Parts Sabotaged . | . . . . . . Parts Stolen . | . . . . . . Parts Stripped . | . . . . . . Power Chain Reactions 2 | . . . 1 . 1 Missiles Intercepted . | . . . . . . Alert | -11 -10 -10 -9 -9 -8 ------- Run | Jun Mat Min Mat Min Mat Peak Influence 409 | . 7 30 386 150 409 Initial 150 | . . 2 11 150 58 Average 143 | . 4 16 213 150 228 Maximum Alert Level 2 | . . . 1 . 2 Low Security (%) 67 | 100 100 100 34 100 49 Level 1 32 | . . . 65 . 50 Level 2 . | . . . . . . Level 3 . | . . . . . . Level 4 . | . . . . . . Level 5 . | . . . . . . High Security . | . . . . . . Max Security . | . . . . . . Squads Dispatched . | . . . . . . Investigation . | . . . . . . Extermination . | . . . . . . Reinforcement . | . . . . . . Assault . | . . . . . . Garrison . | . . . . . . Intercept . | . . . . . . Searches Triggered . | . . . . . . Construction Impeded . | . . . . . . Haulers Reinforced . | . . . . . . Active Scanning Responses . | . . . . . . Cargo Convoy Interrupts . | . . . . . . Stealth | -11 -10 -10 -9 -9 -8 --------- Run | Jun Mat Min Mat Min Mat Distress Signals 3 | . . . . . 3 Communications Jammed . | . . . . . . Distress Signals . | . . . . . . Times Spotted 44 | . . 4 17 . 23 Peak Tracking Total 11 | . . 3 5 . 11 Tactical Retreats 4 | . . . 1 . 3 Traps | -11 -10 -10 -9 -9 -8 ------- Run | Jun Mat Min Mat Min Mat Traps Triggered . | . . . . . . Indirectly . | . . . . . . Trap Hack Attempts . | . . . . . . Triggered . | . . . . . . Disarmed . | . . . . . . Reprogrammed . | . . . . . . Reused . | . . . . . . Traps Extracted . | . . . . . . Installed . | . . . . . . Triggered . | . . . . . . Machines | -11 -10 -10 -9 -9 -8 ---------- Run | Jun Mat Min Mat Min Mat Machines Disabled 3 | . . . 2 . 1 Max in Single Turn 1 | . . . 1 . 1 Machines Repaired . | . . . . . . Machines Sabotaged . | . . . . . . Overloaded Fab Kills . | . . . . . . Hacking | -11 -10 -10 -9 -9 -8 --------- Run | Jun Mat Min Mat Min Mat Machines Accessed 5 | . 2 . 2 . 1 Terminals 4 | . 1 . 2 . 1 Fabricators . | . . . . . . Repair Stations . | . . . . . . Recycling Units 1 | . 1 . . . . Scanalyzers . | . . . . . . Garrison Access . | . . . . . . Total Hacks 17 | . 9 . 4 . 4 Successful 8 | . 5 . . . 3 Failed 9 | . 4 . 4 . 1 Catastrophic 2 | . . . 2 . . Database Lockouts . | . . . . . . Manual 5 | . 2 . . . 3 Terminals 11 | . 3 . 4 . 4 Fabricators . | . . . . . . Repair Stations . | . . . . . . Recycling Units 6 | . 6 . . . . Scanalyzers . | . . . . . . Garrison Access . | . . . . . . Terminal Hacks 1 | . . . . . 1 Alert Level 1 | . . . . . 1 Fabricator Hacks . | . . . . . . Repair Station Hacks . | . . . . . . Recycling Unit Hacks 3 | . 3 . . . . Process 1 | . 1 . . . . Report Inventory 1 | . 1 . . . . Retrieve Matter 1 | . 1 . . . . Scanalyzer . | . . . . . . Garrison Access Hacks . | . . . . . . Unauthorized Hacks 4 | . 2 . . . 2 Terminals 2 | . . . . . 2 Track 1 | . . . . . 1 Operators 1 | . . . . . 1 Fabricators . | . . . . . . Repair Stations . | . . . . . . Recycling Units 2 | . 2 . . . . Monitor 1 | . 1 . . . . Reject 1 | . 1 . . . . Scanalyzers . | . . . . . . Garrison Access . | . . . . . . Data Cores Recovered . | . . . . . . Used . | . . . . . . Hacking Detections 5 | . 2 . 2 . 1 Full Trace Events 1 | . . . 1 . . Feedback Events . | . . . . . . Feedback Blocked . | . . . . . . Robot Schematics Acquired . | . . . . . . Robots Built . | . . . . . . Authchips . | . . . . . . Time . | . . . . . . Total Robot Build Rating . | . . . . . . Part Schematics Acquired . | . . . . . . Parts Built . | . . . . . . Authchips . | . . . . . . Time . | . . . . . . Total Part Build Rating . | . . . . . . Parts Repaired . | . . . . . . Time . | . . . . . . Parts Recycled . | . . . . . . Recycled Matter 124 | . 124 . . . . Retrieved Matter 124 | . 124 . . . . Retrieved Components . | . . . . . . Parts Scanalyzed . | . . . . . . Part Schematics Acquired . | . . . . . . Parts Damaged . | . . . . . . Bothacking | -11 -10 -10 -9 -9 -8 ------------ Run | Jun Mat Min Mat Min Mat Used RIF Installer . | . . . . . . Robots Hacked . | . . . . . . Non-combat . | . . . . . . Combat . | . . . . . . Robot Hacks Applied . | . . . . . . Relay Couplers Released . | . . . . . . Fabnet Peak Effective % . | . . . . . . Robots Rewired . | . . . . . . Allies Hacked . | . . . . . . Hacks Repelled . | . . . . . . Allies | -11 -10 -10 -9 -9 -8 -------- Run | Jun Mat Min Mat Min Mat Total Allies . | . . . . . . Largest Group . | . . . . . . Highest-Rated Group . | . . . . . . Highest-Rated Ally . | . . . . . . Total Orders . | . . . . . . Ally Attacks . | . . . . . . Total Damage . | . . . . . . Kills . | . . . . . . Allies Corrupted . | . . . . . . Allies Melted . | . . . . . . Intel | -11 -10 -10 -9 -9 -8 ------- Run | Jun Mat Min Mat Min Mat Robot Analysis Total . | . . . . . . Derelict Logs Recovered 1 | . . . . 1 . Drone Launches . | . . . . . . Drone Recoveries . | . . . . . . Exploration | -11 -10 -10 -9 -9 -8 ------------- Run | Jun Mat Min Mat Min Mat Turns Passed 1058 | 62 209 70 303 123 291 Spaces Moved 1088 | 40 138 43 259 338 270 Core 17 | 13 . . . . 4 Treads . | . . . . . . Legs 279 | 27 138 43 71 . . Wheels . | . . . . . . Hover . | . . . . . . Flight 792 | . . . 188 338 266 Fastest Speed 31 | 50 120 120 34 34 31 Average Speed 62 | 111 120 120 69 34 43 Slowest Speed 190 | 120 120 120 190 34 108 Overloaded Moves . | . . . . . . Propulsion Burnouts . | . . . . . . Robots Hopped 4 | . . . 4 . . Cave-ins Triggered . | . . . . . . Exploration Rate (%) 31 | 3 25 12 32 88 28 Regions Visited 5 Branch Regions 2 Pre-discovered Areas 1 | . . . . 1 . Known Exits Taken . | . . . . . . Unknown Exits Taken 5 | 1 1 1 1 1 . Scrap Searched 1 | . . . . 1 . Spaces Dug 8 | . . . . . 8 Terrain Destroyed 39 | . . . 5 . 34 Melee . | . . . . . . Projectile . | . . . . . . AOE 39 | . . . 5 . 34 Terrain Rammed . | . . . . . . Walls Destroyed . | . . . . . . Machines Disabled . | . . . . . . Actions | -11 -10 -10 -9 -9 -8 --------- Run | Jun Mat Min Mat Min Mat Total 1331 | 57 180 52 332 345 365 Wait 5 | . . . 5 . . Move 1075 | 39 137 42 250 337 270 Hop 4 | . . . 4 . . Pick Up 63 | 12 16 1 18 3 13 Fast Attach 5 | . 1 . 3 . 1 Attach 37 | 6 3 3 14 1 10 Detach . | . . . . . . Swap 11 | . 2 . 1 2 6 Drop 38 | . 14 . 12 2 10 Fire 93 | . 7 6 25 . 55 Melee . | . . . . . . Ram . | . . . . . . Kick . | . . . . . . Crush . | . . . . . . Escape Stasis . | . . . . . . Rewire . | . . . . . . Trap . | . . . . . . Miscellaneous . | . . . . . . Route ------- -11/Junkyard -10/Materials -10/Mines -9/Materials -9/Mines -8/Materials History --------- Turn | Location | Event 47 | -11/Junkyard | Discovered new exit (range 13) 63 | -11/Junkyard | Entered Materials 230 | -10/Materials | Discovered new exit (range 6) 272 | -10/Materials | Entered Mines 278 | -10/Mines | Discovered new exit (range 11) 291 | -10/Mines | Assembled infested the area 322 | -10/Mines | Core integrity fell below 50% 342 | -10/Mines | Entered Materials 342 | -9/Materials | Evolved 2 slots: Propulsion x1, Utility x1 347 | -9/Materials | Lost 3 parts (1p2w) 364 | -9/Materials | Build established: Mutant 474 | -9/Materials | System corruption reached 10% 498 | -9/Materials | Lost 4 parts (3n1w) 609 | -9/Materials | Discovered new exit (range 18) 645 | -9/Materials | Entered Mines 648 | -9/Mines | Learned location of Zion (-6) 673 | -9/Mines | Received a Rocket Launcher from a helpful Derelict 767 | -9/Mines | Discovered new exit (range 4) 768 | -9/Mines | Entered Materials 768 | -8/Materials | Evolved 2 slots: Propulsion x1, Utility x1 1009 | -8/Materials | Core integrity fell below 50% 1030 | -8/Materials | Core integrity fell below 20% 1059 | -8/Materials | Destroyed by Y-45 Defender with Beam Rifle Last Messages --------------- Lgt. Nuclear Core melted. G-47 Trooper destroyed. K-01 Serf collects debris. U-05 Engineer lays Concrete. K-01 Serf collects debris. U-05 Engineer lays Concrete. System corrupted: Matter fused (-7). U-05 Engineer lays Concrete. U-05 Engineer builds a Wall. K-01 Serf collects debris. T-07 Excavator destroyed. G-47 Trooper destroyed. K-01 Serf collects debris. Critical hit (Burn: +37). Lgt. Treads destroyed. U-05 Engineer lays Concrete. U-05 Engineer builds a Wall. K-01 Serf collects debris. Assault Rifle destroyed. W-25 Informer sends out distress signal. Map ----- +----------------------------------------------------+ | ????????????????# #???????? ???? | | ????????????????# #?????????? ?????? | | ????????????????# #???????????? ???????? | | ????????????????# %#?????????????? ?????????? | | ????????????????#=%=#????????????####+#####??????? | | ????????????????# [ #????????????# #??????? | | ????????????????# #????????????# """ #??????? | | ????????????????# #####????????# """ #??????? | | ?################ # ???????# """ #??????? | | # """""??????# #??????? | | # """""??????# #??????? | | # """"" ?????# [[ #??????? | | ???????########## # """"" ?????# [[ #?###### | | ????????????????# # """"" !????# #?# | | ????????????????# # """"" ????########+#?# """ | | ????????????????# + """"" ???????????# #?#! """ | | ????????????????# # #????????### ### """ | | ????????????????# ################### # | | ????????????????# %!! =!%[* [[ # """ | | ????????????????################ + """ | | ????????????????????????### # """ | | ????????????????????????# # """ # | | ????????????????????????# Y s# """ ####### | | ????????????????????????# =%[=#u """ # T | | ????????????????????????#*%!!%%k # | | ????????????????????????#@!! !!# + """ | | ????????????????????????#!!%! # ! # """ | | ????????????????????????# !* # ! # """ ? | | ????????????????????????### ## !/ #? ??? | | ???????????????????????????##### #?##??? | | ?????????????????????????????#"" #?????? | | ?????????????????????????????#"T " " #???### | | ?????????????????????????????#"" """ #??? *! | | ?????????????????????????????### """ #?? *! | | ???????????????????????????????# #?? *! | | ?????????????????????#########?# #? | | ?????????????????????# # """ #? | | ?????????????????????# # """ # """ | | ???????????????????????""" """ + ** """ # """ | | ???????????????????????""" """ # ** + """ | | ????????????????????????"" """ # * # | | ??????????????????????? ?# """ ####### | | ?????????????????????? ?# """ ## | | ??????????????????????? ??# """ ## | | ??????????????????????########## ## """ | | ???????????????????????????# ## """" | | ???????????????????????????# # "T" ## """" | | ????????????????????????????#### ## """" | | ???????????????????????????????# t ## """ | | ????????????????????????????#### ## ## | +----------------------------------------------------+ Best States ------------- Heat Dissipation 41 Energy Generation 14 Energy Capacity 325 Matter Stores 300 Matter Capacity 500 Sight Range 18 Terrain Scan Range 14 Terrain Scan Density 10 Additional Mass Support 6 Armor Coverage 150 Resistance: EM 15 Evasion (%) 63 Item Schematics ----------------- None Robot Schematics ------------------ None Fabricated ------------ Nothing Alien Tech Used ----------------- None Achievements -------------- None Challenges ------------ None Game ------ Seed ReactionBlastShield Manual? 0 Play Time 00:29:15 Cumulative 32.1 hours Start 2023.11.28 @ 22:04:01 End 2023.11.28 @ 22:34:05 Sessions 1 Manual Loads 0 Difficulty Rogue Special Mode None Game No. 29 Rogue 29 Adventurer 0 Explorer 0 Win Type - Total 0 Types 0/0/0/0/0/0/0/0/0 Lore% 20 Gallery% 41 Achievement% 27 Wizard Run 0 Options --------- ASCII 0 Keyboard 0 Movement Numpad Keybinds 0 Fullscreen 1 Font 18/SmallcapsGlow Map View 76x50 Tactical HUD 0 Map Filters NONE Filters NONE Steam 1 RUN: 17f1344f-bead-4a3e-9e89-dc055ef39f3f